AoeStats
← CendreMilieu818

Arabia

510844705Analyzed
1v1 RM · 1d ago on Oct 2, 2026· 37m 21s· 2 players
Game mode
Random Map
Map size
Tiny (2 player)
Population
200
Speed
Normal
Resources
Standard
Victory
Conquest
Starting age
Dark Age
Ending age
Imperial Age
RankedLock teamsTeams togetherTeam positionsShared explorationLock speedFull tech treeHidden civsTurbo modeCheats
Victory
Defeat
🇫🇷 Hindustanis · France
736
+40
🇺🇸 Franks · United States
775
-45
CendreMilieu818
8:56 Loom
11:37 Feudal Age
14:55 Bloodlines
15:17 Bloodlines
15:27 Double-Bit Axe
19:08 Horse Collar
22:20 Castle Age
22:24 Scale Barding Armor
22:30 Forging
24:20 Chain Barding Armor
24:48 Gold Mining
25:42 Iron Casting
27:26 Pikeman
30:21 Stone Mining
34:40 Husbandry
TheSpiritTree05
7:38 Loom
12:10 Feudal Age
14:53 Wheelbarrow
22:36 Castle Age
22:41 Forging
22:37 Scale Barding Armor
24:42 Husbandry
29:49 Gold Mining
31:50 Hand Cart
31:48 Town Watch
37:08 Imperial Age
35:42 Iron Casting
35:28 Chain Barding Armor
Connection lost

Rejoining the realm…

Still unreachable

The connection could not be restored.

Session expired

The server has moved on; the page needs a fresh start.